[Event "FIDE WYCC Girls U18 2023"]
[Site "Montesilvano"]
[Date "2023.11.22"]
[Round "9.4"]
[White "Wikar, Martyna"]
[Black "Margadgua Erdenebayar"]
[Result "1-0"]
[ECO "B43"]
[WhiteElo "2228"]
[BlackElo "2013"]
[Annotator "RC"]
[PlyCount "87"]
[EventDate "2023.11.13"]
[EventType "swiss"]
[EventCountry "ITA"]
[SourceTitle "playchess.com"]
[Source "ChessBase"]
[SourceQuality "1"]
[TimeControl "40/5400+30:1800+30"]

1. e4 c5 2. Nc3 e6 3. Nf3 a6 4. d4 cxd4 5. Nxd4 Ne7 6. Bd3 Nbc6 7. Nxc6 Nxc6 8. O-O Be7 9. f4 d6 10. Rf3 Nd4 11. Rg3 Bh4 12. Rxg7 Kf8 13. Rg5 Bxg5 14. fxg5 b5 15. Qh5 Nc6 16. Be3 Qe7 17. Rf1 Ke8 18. e5 Nxe5 19. Ne4 Bb7 20. Nf6+ Kd8 21. Bb6+ Kc8 22. Ng4 Ng6 23. Qh3 Qxg5 24. Bxg6 Bc6 25. Be4 Kb7 26. Be3 Qg7 27. Bxc6+ Kxc6 28. Qf3+ d5 29. Qf4 Rhg8 30. Ne5+ Kc7 31. Qxf7+ Kd6 32. Qxg7 Rxg7 33. Bd4 Rc7 34. c3 Rg8 35. b4 h5 36. Nd3 Rh7 37. Be5+ Kc6 38. Rf6 Re7 39. Rh6 Rf8 40. Bf6 Ra7 41. Bd4 Rc7 42. Rxe6+ Kb7 43. Nc5+ Kc8 44. Rxa6 1-0

[Event "FIDE WYCC Girls U18 2023"]
[Site "Montesilvano"]
[Date "2023.11.22"]
[Round "9.5"]
[White "Mungunzul, Bat-Erdene"]
[Black "Shohradova, Lala"]
[Result "0-1"]
[ECO "E35"]
[WhiteElo "2111"]
[BlackElo "1846"]
[Annotator "RC"]
[PlyCount "132"]
[EventDate "2023.11.13"]
[EventType "swiss"]
[EventCountry "ITA"]
[SourceTitle "playchess.com"]
[Source "ChessBase"]
[SourceQuality "1"]
[TimeControl "40/5400+30:1800+30"]

1. d4 Nf6 2. c4 e6 3. Nc3 Bb4 4. Qc2 d5 5. cxd5 exd5 6. Bg5 h6 7. Bh4 g5 8. Bg3 Ne4 9. e3 h5 10. f3 Nxg3 11. hxg3 Nc6 12. g4 h4 13. Bd3 Qe7 14. Kf2 Be6 15. Nge2 Qf6 16. Raf1 O-O-O 17. Ke1 Rhe8 18. Kd1 Qe7 19. a3 Bd6 20. Kc1 f6 21. Kb1 Bg8 22. Bg6 Qxe3 23. Bxe8 Rxe8 24. Rd1 Qf2 25. Nc1 Qxc2+ 26. Kxc2 Bh7+ 27. Kb3 Bf4 28. Ka2 Kd8 29. Rde1 Nxd4 30. Rxe8+ Kxe8 31. Rd1 c5 32. Nd3 Bd6 33. b4 b6 34. bxc5 bxc5 35. Kb2 c4 36. Nb4 Be5 37. Nbxd5 Bg8 38. Ka2 Kd7 39. Kb1 Bh7+ 40. Kc1 Ke6 41. Kb2 Nb5 42. a4 Nxc3 43. Nxc3 Bd3 44. Rc1 a5 45. Rh1 Kd6 46. f4 gxf4 47. Rxh4 Kc5 48. Rh5 Kb4 49. Rxe5 fxe5 50. g5 Kc5 51. Nb5 Kd5 52. Kc3 Ke6 53. Kd2 Be4 54. g6 Bxg6 55. Ke2 Kd5 56. Kd2 Be4 57. Nc3+ Kd4 58. g3 f3 59. Nd1 Bc6 60. g4 Bxa4 61. Nc3 Be8 62. g5 e4 63. Nd1 a4 64. Ke1 a3 65. Kf2 a2 66. Ne3 Kd3 0-1

[Event "FIDE WYCC Girls U18 2023"]
[Site "Montesilvano"]
[Date "2023.11.22"]
[Round "9.6"]
[White "Barwinska, Ewa"]
[Black "Starosta, Martyna"]
[Result "1-0"]
[ECO "B15"]
[WhiteElo "1974"]
[BlackElo "2208"]
[Annotator "RC"]
[PlyCount "91"]
[EventDate "2023.11.13"]
[EventType "swiss"]
[EventCountry "ITA"]
[SourceTitle "playchess.com"]
[Source "ChessBase"]
[SourceQuality "1"]
[TimeControl "40/5400+30:1800+30"]

1. e4 c6 2. d4 d5 3. Nc3 dxe4 4. Nxe4 Nf6 5. Nxf6+ exf6 6. c3 Bd6 7. Bd3 O-O 8. Qc2 Re8+ 9. Ne2 h5 10. Be3 Nd7 11. O-O-O Nf8 12. c4 Be6 13. a3 b5 14. c5 Be7 15. Nc3 Qc8 16. d5 cxd5 17. Bxb5 Rd8 18. c6 Ng6 19. f4 f5 20. g3 Bf6 21. Bd4 Bxd4 22. Rxd4 a6 23. Ba4 Ne7 24. Rhd1 Ra7 25. Kb1 Rc7 26. Qd3 Kf8 27. Qd2 g6 28. Rd3 Rd6 29. Qe3 Qd8 30. Qe5 Kg8 31. R3d2 Nxc6 32. Bxc6 f6 33. Bxd5 fxe5 34. Bxe6+ Kg7 35. Rxd6 Qb8 36. Rd8 Qb6 37. Nd5 Rc1+ 38. Rxc1 Qxd8 39. fxe5 h4 40. Rc8 Qa5 41. Rg8+ Kh6 42. Bf7 Qe1+ 43. Ka2 hxg3 44. Rxg6+ Kh5 45. Nf4+ Kh4 46. hxg3+ 1-0

[Event "FIDE WYCC Girls U18 2023"]
[Site "Montesilvano"]
[Date "2023.11.22"]
[Round "9.7"]
[White "Matute Escobar, Roxanny"]
[Black "Mihelic, Vesna"]
[Result "0-1"]
[ECO "C75"]
[WhiteElo "1995"]
[BlackElo "2102"]
[Annotator "NA RC"]
[PlyCount "58"]
[EventDate "2023.11.13"]
[EventType "swiss"]
[EventCountry "ITA"]
[SourceTitle "playchess.com"]
[Source "ChessBase"]
[SourceQuality "1"]
[TimeControl "40/5400+30:1800+30"]

1. e4 e5 2. Nf3 Nc6 3. Bb5 a6 4. Ba4 d6 5. c3 Bd7 6. O-O Nge7 7. d4 h6 8. dxe5 dxe5 9. Be3 Ng6 10. c4 Be7 11. Nc3 O-O 12. Nd5 Be6 13. a3 Bg5 14. Nxg5 hxg5 15. Qh5 Nf4 16. Bxf4 gxf4 17. Bxc6 bxc6 18. Nb4 Qf6 19. Rac1 g6 20. Qf3 a5 21. Nd3 Kg7 22. Nc5 Bc8 23. Qc3 Rh8 24. Rfd1 Qg5 25. Nd7 Bxd7 26. Rxd7 f3 27. g3 Rxh2 28. Qxf3 Qxc1+ 29. Kxh2 Rh8+ 0-1

[Event "FIDE WYCC Girls U18 2023"]
[Site "Montesilvano"]
[Date "2023.11.22"]
[Round "9.8"]
[White "Liu, Kelsey"]
[Black "Blanquet, Camille"]
[Result "1-0"]
[ECO "B12"]
[WhiteElo "2051"]
[BlackElo "1953"]
[Annotator "NA RC"]
[PlyCount "67"]
[EventDate "2023.11.13"]
[EventType "swiss"]
[EventCountry "ITA"]
[SourceTitle "playchess.com"]
[Source "ChessBase"]
[SourceQuality "1"]
[TimeControl "40/5400+30:1800+30"]

1. e4 c6 2. d4 d5 3. e5 c5 4. Nf3 cxd4 5. Qxd4 Nc6 6. Qf4 g6 7. Nc3 Bf5 8. Bb5 Qd7 9. Nd4 Bg7 10. Nxf5 gxf5 11. Qg3 Kf8 12. O-O e6 13. Be3 b6 14. Ba4 Nge7 15. f4 Rg8 16. Qh3 Qb7 17. Ne2 Rc8 18. Ng3 b5 19. Bb3 d4 20. Bf2 Ng6 21. Nh5 Qe7 22. Rad1 a5 23. a4 bxa4 24. Bxa4 Nxf4 25. Nxf4 Bxe5 26. Nd3 Bf6 27. c3 Qb7 28. Nc5 Qe7 29. cxd4 Rg4 30. d5 exd5 31. Bxc6 Rxc6 32. Rxd5 Qe2 33. Re1 Qc4 34. Qh6+ 1-0

[Event "FIDE WYCC Girls U18 2023"]
[Site "Montesilvano"]
[Date "2023.11.22"]
[Round "9.9"]
[White "Sevcikova, Lucia"]
[Black "Gasimova, Samra"]
[Result "0-1"]
[ECO "E35"]
[WhiteElo "2047"]
[BlackElo "1860"]
[Annotator "NA RC"]
[PlyCount "94"]
[EventDate "2023.11.13"]
[EventType "swiss"]
[EventCountry "ITA"]
[SourceTitle "playchess.com"]
[Source "ChessBase"]
[SourceQuality "1"]
[TimeControl "40/5400+30:1800+30"]

1. d4 Nf6 2. c4 e6 3. Nc3 Bb4 4. Qc2 d5 5. cxd5 exd5 6. Bg5 c5 7. Nf3 h6 8. Bxf6 Qxf6 9. Rd1 Nc6 10. a3 Bf5 11. Qd2 Bxc3 12. bxc3 c4 13. e3 O-O 14. Be2 Qd6 15. Qb2 Rab8 16. O-O b5 17. Nd2 Rfe8 18. Rfe1 Bg6 19. Bf3 f5 20. Qa2 Bf7 21. Rb1 Rb6 22. Qc2 Be6 23. Bh5 Rf8 24. Ra1 a5 25. f3 Kh7 26. Bg4 b4 27. axb4 axb4 28. Bh3 bxc3 29. Qxc3 Qb4 30. Qc2 Qb2 31. Ra2 Qxc2 32. Rxc2 Nb4 33. Rc3 Nd3 34. Rd1 g5 35. g3 g4 36. fxg4 fxg4 37. Bg2 Rb2 38. Rf1 Rxf1+ 39. Nxf1 Ne1 40. Bh1 Nf3+ 41. Bxf3 gxf3 42. h4 Bh3 43. Rc1 c3 44. e4 dxe4 45. Ne3 f2+ 46. Kh1 Re2 47. Rxc3 Rxe3 0-1

[Event "FIDE WYCC Girls U18 2023"]
[Site "Montesilvano"]
[Date "2023.11.22"]
[Round "9.10"]
[White "Trifoi, Mihaela-Ioana"]
[Black "Nguyen, Thien Ngan"]
[Result "1/2-1/2"]
[ECO "C41"]
[WhiteElo "2021"]
[BlackElo "1891"]
[Annotator "NA RC"]
[PlyCount "117"]
[EventDate "2023.11.13"]
[EventType "swiss"]
[EventCountry "ITA"]
[SourceTitle "playchess.com"]
[Source "ChessBase"]
[SourceQuality "1"]
[TimeControl "40/5400+30:1800+30"]

1. e4 e5 2. Nf3 d6 3. Bc4 Be7 4. c3 Nf6 5. d3 O-O 6. Bb3 Nc6 7. O-O Na5 8. Bc2 c5 9. h3 Nc6 10. Nbd2 h6 11. Re1 Be6 12. Nf1 Qc7 13. Ng3 b5 14. Nh2 d5 15. Qf3 d4 16. Nf5 Bxf5 17. exf5 Rad8 18. g4 e4 19. Qg2 exd3 20. Bxd3 dxc3 21. Bxb5 Nd4 22. Bd3 Bd6 23. Nf1 cxb2 24. Bxb2 Nd5 25. Bxd4 cxd4 26. Rac1 Nc3 27. h4 Bf4 28. Rc2 Rfe8 29. Rxe8+ Rxe8 30. g5 Qc5 31. g6 Qc7 32. Rb2 f6 33. Rb7 Qc5 34. Rd7 Qb6 35. Qf3 Bc7 36. Nd2 Rd8 37. Bc4+ Kh8 38. Rf7 Qd6 39. Nf1 Qc5 40. Be6 d3 41. Rd7 Ne2+ 42. Kg2 Nf4+ 43. Kg1 Ne2+ 44. Kg2 Nf4+ 45. Kg1 Re8 46. Bf7 Rb8 47. Bb3 Ne2+ 48. Kg2 Nf4+ 49. Kg1 Qe5 50. Qe3 Ne2+ 51. Kg2 Nf4+ 52. Kg1 Ne2+ 53. Kh1 Nf4 54. Kg1 Ne2+ 55. Kg2 Nf4+ 56. Kg1 Ne2+ 57. Kh1 Nf4 58. Qxe5 Bxe5 59. Rxa7 1/2-1/2

[Event "FIDE WYCC Girls U18 2023"]
[Site "Montesilvano"]
[Date "2023.11.22"]
[Round "9.11"]
[White "Petricenco, Ana"]
[Black "Skarbarchuk, Tetyana"]
[Result "1-0"]
[ECO "C00"]
[WhiteElo "1902"]
[BlackElo "2010"]
[Annotator "NA RC"]
[PlyCount "117"]
[EventDate "2023.11.13"]
[EventType "swiss"]
[EventCountry "ITA"]
[SourceTitle "playchess.com"]
[Source "ChessBase"]
[SourceQuality "1"]
[TimeControl "40/5400+30:1800+30"]

1. e4 e6 2. d3 d5 3. Qe2 Nf6 4. Nf3 Be7 5. e5 Nfd7 6. g3 b5 7. Bg2 c5 8. O-O O-O 9. Bf4 Nc6 10. c3 a5 11. h4 a4 12. Nbd2 Ba6 13. Rfe1 c4 14. d4 b4 15. a3 bxa3 16. bxa3 Qa5 17. Qe3 Rfb8 18. h5 h6 19. g4 Rb2 20. Rec1 Qd8 21. g5 hxg5 22. Nxg5 Nf8 23. Bh3 Na5 24. Kh2 Nb3 25. Nxb3 cxb3 26. Rg1 Nh7 27. Nxh7 Kxh7 28. Qg3 Qf8 29. Rg2 Rc2 30. h6 g6 31. Rag1 Qe8 32. Be3 Rc8 33. Bxe6 fxe6 34. Qxg6+ Qxg6 35. Rxg6 Bf8 36. Rf6 Bd3 37. Rf7+ Kh8 38. Bg5 b2 39. Bf6+ Bg7 40. Bxg7+ Kg8 41. Rb7 Rxf2+ 42. Kg3 Rd2 43. Kf4 b1=Q 44. Rbxb1 Bxb1 45. Rxb1 Rxc3 46. Rb8+ Kh7 47. Kg5 Rg3+ 48. Kf6 Rg6+ 49. Kf7 Rf2+ 50. Ke7 Rg3 51. Kxe6 Rxa3 52. Kxd5 Rc3 53. e6 Re3 54. Be5 a3 55. e7 Rxe5+ 56. dxe5 a2 57. e8=Q a1=Q 58. Qe7+ Kxh6 59. Rh8+ 1-0

[Event "FIDE WYCC Girls U18 2023"]
[Site "Montesilvano"]
[Date "2023.11.22"]
[Round "9.12"]
[White "Tikvesli, Ceylin"]
[Black "Cornileau, Juliette"]
[Result "0-1"]
[ECO "B56"]
[WhiteElo "1736"]
[BlackElo "2089"]
[Annotator "NA RC"]
[PlyCount "97"]
[EventDate "2023.11.13"]
[EventType "swiss"]
[EventCountry "ITA"]
[SourceTitle "playchess.com"]
[Source "ChessBase"]
[SourceQuality "1"]
[TimeControl "40/5400+30:1800+30"]

1. e4 c5 2. Nf3 d6 3. d4 cxd4 4. Nxd4 Nf6 5. Nc3 Nc6 6. Nb3 e6 7. Be3 a6 8. a4 d5 9. exd5 exd5 10. Be2 Bb4 11. O-O O-O 12. Na2 Bd6 13. Bf3 Ne5 14. Bf4 Qc7 15. Be2 Neg4 16. Bxd6 Qxd6 17. g3 Ne5 18. Nd4 Bh3 19. Re1 Ne4 20. f4 Nc6 21. c3 Rfe8 22. Nc1 Qg6 23. Bh5 Qf6 24. Nxc6 bxc6 25. Nd3 d4 26. Bf3 Nd6 27. Ne5 Rab8 28. Bxc6 Red8 29. cxd4 Nf5 30. d5 Qd6 31. Qc1 f6 32. Nf3 Rb3 33. Ra3 Rxa3 34. bxa3 Qb8 35. Qc5 Qb2 36. Qf2 Qxa3 37. Nd2 Ne7 38. Qe3 Qxe3+ 39. Rxe3 Nxc6 40. dxc6 Rxd2 41. Rc3 Rg2+ 42. Kh1 Rf2 43. Rc1 Rf1+ 44. Rxf1 Bxf1 45. g4 Be2 46. Kg2 Bxg4 47. Kf2 Kf7 48. Ke3 Ke7 49. Kd4 0-1

[Event "FIDE WYCC Girls U18 2023"]
[Site "Montesilvano"]
[Date "2023.11.22"]
[Round "9.13"]
[White "Swara Lakshmi S Nair"]
[Black "Abrisqueta Zudaire, Leyre"]
[Result "0-1"]
[ECO "B40"]
[WhiteElo "1659"]
[BlackElo "2137"]
[Annotator "RC"]
[PlyCount "116"]
[EventDate "2023.11.13"]
[EventType "swiss"]
[EventCountry "ITA"]
[SourceTitle "playchess.com"]
[Source "ChessBase"]
[SourceQuality "1"]
[TimeControl "40/5400+30:1800+30"]

1. e4 c5 2. Nf3 e6 3. d4 cxd4 4. Nxd4 Nf6 5. Nc3 Nc6 6. Ndb5 Bc5 7. Nd6+ Ke7 8. Bf4 e5 9. Nf5+ Kf8 10. Bg5 d6 11. Ne3 Be6 12. Qd2 Bd4 13. Bd3 h6 14. Bxf6 Qxf6 15. Ncd5 Qg5 16. c3 Bxe3 17. Nxe3 Rd8 18. f3 g6 19. Bc4 Bxc4 20. Nxc4 d5 21. Qxg5 hxg5 22. exd5 Rxd5 23. Ke2 Ke7 24. b4 Ke6 25. a4 Ne7 26. Ne3 Rd7 27. h3 f5 28. Rhd1 Rc7 29. Rac1 Rhc8 30. Rd3 f4 31. Nd1 Rc4 32. Kd2 Nf5 33. Rc2 a5 34. bxa5 Rxa4 35. Rb2 Nd6 36. Rb6 Rc6 37. Nb2 Ra2 38. Kc1 Rxb6 39. axb6 Ra6 40. c4 Nf5 41. Rb3 Nd4 42. Rb4 Ra1+ 43. Kd2 Rg1 44. Kd3 Rxg2 45. Na4 Kd6 46. Nc3 Nxf3 47. Ne4+ Kc6 48. Rb5 Rg1 49. Rd5 Rd1+ 50. Ke2 Re1+ 51. Kxf3 Re3+ 52. Kg4 Rxe4 53. Kxg5 f3 54. Rd1 f2 55. Rf1 Rf4 56. h4 Rf8 57. Kxg6 e4 58. h5 e3 0-1

[Event "FIDE WYCC Girls U18 2023"]
[Site "Montesilvano"]
[Date "2023.11.22"]
[Round "9.14"]
[White "Hakobyan, Astghik"]
[Black "Wisniowski, Natalie"]
[Result "1-0"]
[ECO "B10"]
[WhiteElo "2073"]
[BlackElo "1901"]
[Annotator "RC"]
[PlyCount "119"]
[EventDate "2023.11.13"]
[EventType "swiss"]
[EventCountry "ITA"]
[SourceTitle "playchess.com"]
[Source "ChessBase"]
[SourceQuality "1"]
[TimeControl "40/5400+30:1800+30"]

1. e4 c6 2. Nf3 d5 3. d3 dxe4 4. dxe4 Qxd1+ 5. Kxd1 Nf6 6. Nbd2 g6 7. Bc4 Ng4 8. Ke2 Nd7 9. a4 Nge5 10. Nxe5 Nxe5 11. Bb3 Bh6 12. a5 O-O 13. f3 Kg7 14. g3 Nd7 15. Bc4 Kg8 16. f4 Nc5 17. b4 Bg7 18. Ra3 Ne6 19. c3 Nc7 20. Nf3 Be6 21. Bxe6 Nxe6 22. Be3 Rfd8 23. e5 f6 24. c4 Nc7 25. Rd1 Rxd1 26. Kxd1 Kf7 27. Rd3 Ke8 28. Kc2 Ne6 29. h4 h5 30. Kb3 Bh8 31. Bf2 Bg7 32. Rd2 Bh8 33. Ka4 Bg7 34. Re2 Kd7 35. b5 cxb5+ 36. Kxb5 Nc7+ 37. Kb4 Ne6 38. Nd4 fxe5 39. fxe5 Nxd4 40. Bxd4 Ke6 41. Kb5 Bh6 42. a6 bxa6+ 43. Kxa6 Rc8 44. Rc2 Rd8 45. Bxa7 Rd3 46. c5 Be3 47. Bb8 Ra3+ 48. Kb7 Rb3+ 49. Kc8 Bxc5 50. Rxc5 Rxg3 51. Rc6+ Kd5 52. Kd7 Rg4 53. Ra6 Rb4 54. Bc7 Rc4 55. e6 Ke4 56. Rc6 Rd4+ 57. Kxe7 Kf5 58. Kf7 Kg4 59. e7 Rd7 60. Ke6 1-0

[Event "FIDE WYCC Girls U18 2023"]
[Site "Montesilvano"]
[Date "2023.11.22"]
[Round "9.15"]
[White "Obada, Ema"]
[Black "Sovetbekova, Nurai"]
[Result "1-0"]
[ECO "B90"]
[WhiteElo "2023"]
[BlackElo "1801"]
[Annotator "NA RC"]
[PlyCount "83"]
[EventDate "2023.11.13"]
[EventType "swiss"]
[EventCountry "ITA"]
[SourceTitle "playchess.com"]
[Source "ChessBase"]
[SourceQuality "1"]
[TimeControl "40/5400+30:1800+30"]

1. e4 c5 2. Nf3 d6 3. d4 cxd4 4. Nxd4 Nf6 5. Nc3 a6 6. f3 e5 7. Nb3 Be6 8. Be3 h5 9. Nd5 Bxd5 10. exd5 Nbd7 11. Qd2 g6 12. O-O-O Bg7 13. Kb1 Qc7 14. Be2 O-O 15. g4 Rfc8 16. Rc1 a5 17. g5 Ne8 18. a4 Qd8 19. Bb5 Nc5 20. Rhd1 Nc7 21. Nxc5 Nxb5 22. Nb3 Nc7 23. Nxa5 Qd7 24. b3 b5 25. c4 bxa4 26. b4 Na6 27. Nc6 Nb8 28. b5 Qb7 29. Ka2 Kh7 30. f4 exf4 31. Bd4 Re8 32. Bxg7 Kxg7 33. Qxf4 Re2+ 34. Rd2 Rxd2+ 35. Qxd2 Nxc6 36. dxc6 Qc7 37. Rd1 Rd8 38. Qd5 Qe7 39. Rd2 Kg8 40. c5 Qe3 41. c7 Re8 42. cxd6 1-0

[Event "FIDE WYCC Girls U18 2023"]
[Site "Montesilvano"]
[Date "2023.11.22"]
[Round "9.16"]
[White "Oviedo Acosta, Paula"]
[Black "Groeschel, Karoline"]
[Result "0-1"]
[ECO "B56"]
[WhiteElo "1639"]
[BlackElo "1924"]
[Annotator "NA RC"]
[PlyCount "58"]
[EventDate "2023.11.13"]
[EventType "swiss"]
[EventCountry "ITA"]
[SourceTitle "playchess.com"]
[Source "ChessBase"]
[SourceQuality "1"]
[TimeControl "40/5400+30:1800+30"]

1. e4 c5 2. Nc3 Nc6 3. Nf3 d6 4. d4 cxd4 5. Nxd4 Nf6 6. Be3 Ng4 7. Nxc6 bxc6 8. Qf3 Nxe3 9. Qxe3 g6 10. e5 Bg7 11. exd6 Qxd6 12. Bd3 Qb4 13. O-O Qxb2 14. Rae1 O-O 15. Nd1 Qxa2 16. Qxe7 Be6 17. h4 Rfe8 18. Qd6 Qd5 19. Qg3 a5 20. Ne3 Qc5 21. Qf3 a4 22. h5 Qxh5 23. Qxc6 Rec8 24. Qb7 Qa5 25. c4 a3 26. Nc2 Qc7 27. Qb3 Rcb8 28. Nb4 Bf8 29. Bxg6 hxg6 0-1

[Event "FIDE WYCC Girls U18 2023"]
[Site "Montesilvano"]
[Date "2023.11.22"]
[Round "9.17"]
[White "Dakic, Marta"]
[Black "Tsapaki, Asimenia"]
[Result "1-0"]
[ECO "B40"]
[WhiteElo "2013"]
[BlackElo "1702"]
[Annotator "NA RC"]
[PlyCount "95"]
[EventDate "2023.11.13"]
[EventType "swiss"]
[EventCountry "ITA"]
[SourceTitle "playchess.com"]
[Source "ChessBase"]
[SourceQuality "1"]
[TimeControl "40/5400+30:1800+30"]

1. e4 c5 2. Nf3 e6 3. d4 cxd4 4. Nxd4 Nf6 5. Nc3 Nc6 6. Ndb5 Bb4 7. a3 Bxc3+ 8. Nxc3 d5 9. exd5 exd5 10. Bd3 O-O 11. O-O d4 12. Ne2 Bg4 13. f3 Bh5 14. Bg5 Bg6 15. Bh4 Qd6 16. Bf2 Rad8 17. Qd2 Rd7 18. Rad1 Rfd8 19. Bxg6 hxg6 20. Qf4 Qxf4 21. Nxf4 Nd5 22. Nxd5 Rxd5 23. Rfe1 Rb5 24. b3 Ra5 25. a4 Rc5 26. Re2 Rcd5 27. Red2 f6 28. c3 d3 29. b4 a6 30. Bb6 R8d7 31. c4 Re5 32. b5 axb5 33. axb5 Nb4 34. Ba5 Nc2 35. Rxd3 Rde7 36. Rd8+ Kh7 37. R8d7 Ne3 38. Rxe7 Rxe7 39. Re1 Nf5 40. Rxe7 Nxe7 41. Bd8 Nf5 42. c5 Nd4 43. c6 bxc6 44. b6 c5 45. b7 Nc6 46. Bc7 c4 47. Kf2 c3 48. Ke3 1-0

[Event "FIDE WYCC Girls U18 2023"]
[Site "Montesilvano"]
[Date "2023.11.22"]
[Round "9.18"]
[White "Menon, Gauri"]
[Black "Follana Albelda, Lucia"]
[Result "0-1"]
[ECO "E46"]
[WhiteElo "1821"]
[BlackElo "1946"]
[Annotator "NA RC"]
[PlyCount "58"]
[EventDate "2023.11.13"]
[EventType "swiss"]
[EventCountry "ITA"]
[SourceTitle "playchess.com"]
[Source "ChessBase"]
[SourceQuality "1"]
[TimeControl "40/5400+30:1800+30"]

1. d4 Nf6 2. c4 e6 3. Nc3 Bb4 4. e3 O-O 5. Bd2 d5 6. Nf3 Bd6 7. Rc1 c6 8. Bd3 Nbd7 9. O-O dxc4 10. Bxc4 e5 11. Bd3 Re8 12. Ng5 exd4 13. exd4 h6 14. Nge4 Nxe4 15. Nxe4 Bb8 16. Qf3 Nb6 17. Qh5 Qd5 18. Nf6+ gxf6 19. Qxh6 Bf5 20. Qxf6 Bxd3 21. Rfe1 Re6 22. Rxe6 Qxe6 23. Qd8+ Kg7 24. Qg5+ Qg6 25. Qe7 Bd6 26. Qxb7 Rh8 27. f4 Be4 28. g3 Qh5 29. h4 Qf3 0-1

[Event "FIDE WYCC Girls U18 2023"]
[Site "Montesilvano"]
[Date "2023.11.22"]
[Round "9.19"]
[White "Wan, Qian"]
[Black "Belattar, Ines"]
[Result "1-0"]
[ECO "A46"]
[WhiteElo "1945"]
[BlackElo "1623"]
[Annotator "NA RC"]
[PlyCount "143"]
[EventDate "2023.11.13"]
[EventType "swiss"]
[EventCountry "ITA"]
[SourceTitle "playchess.com"]
[Source "ChessBase"]
[SourceQuality "1"]
[TimeControl "40/5400+30:1800+30"]

1. d4 Nf6 2. Nf3 e6 3. Bf4 d5 4. e3 c5 5. c3 Bd6 6. Bb5+ Nc6 7. Qa4 Bxf4 8. exf4 Qb6 9. Nbd2 O-O 10. O-O Bd7 11. Nb3 c4 12. Nbd2 a6 13. Bxc6 Bxc6 14. Qc2 Qc7 15. g3 a5 16. Rfe1 b5 17. Ne5 b4 18. b3 cxb3 19. Qxb3 Qb7 20. Reb1 Rfb8 21. a3 Nd7 22. axb4 Nxe5 23. fxe5 a4 24. Qb2 Bb5 25. Re1 Rc8 26. Re3 Qa6 27. Ra3 Rc7 28. Nf3 Qc6 29. Ne1 Qc4 30. Nd3 Rac8 31. Qb1 Qc6 32. Nc5 Ra8 33. Qd1 Re7 34. h4 Qc7 35. h5 g6 36. Qf3 Qd8 37. h6 Qf8 38. Qf4 Rc7 39. Rf3 Be2 40. Re3 Bb5 41. g4 Qe7 42. Qf6 Qxf6 43. exf6 Kf8 44. Rxe6 Rxc5 45. Rb6 Rc6 46. Rxb5 Rxf6 47. Rxd5 Rf4 48. g5 Rf3 49. Kg2 Rd3 50. Re5 Rd1 51. Ra5 Re8 52. R3xa4 Ree1 53. Re5 Rxe5 54. dxe5 Rc1 55. Ra8+ Ke7 56. Rc8 Ke6 57. Rc5 Kf5 58. b5 Re1 59. e6+ Kxe6 60. c4 Kd6 61. Rc6+ Kd7 62. c5 Rb1 63. Rd6+ Ke7 64. b6 Rb5 65. Rc6 Kd7 66. Rc7+ Kd8 67. f4 Rb2+ 68. Kf3 Rb3+ 69. Kg4 Rb1 70. Rxf7 Rg1+ 71. Kf3 Rf1+ 72. Kg2 1-0

[Event "FIDE WYCC Girls U18 2023"]
[Site "Montesilvano"]
[Date "2023.11.22"]
[Round "9.20"]
[White "Keerti Shree Reddy"]
[Black "Katter, Katharina"]
[Result "1-0"]
[ECO "C70"]
[WhiteElo "1741"]
[BlackElo "1887"]
[Annotator "NA RC"]
[PlyCount "93"]
[EventDate "2023.11.13"]
[EventType "swiss"]
[EventCountry "ITA"]
[SourceTitle "playchess.com"]
[Source "ChessBase"]
[SourceQuality "1"]
[TimeControl "40/5400+30:1800+30"]

1. e4 e5 2. Nf3 Nc6 3. Bb5 a6 4. Ba4 b5 5. Bb3 Na5 6. Bd5 c6 7. Bxf7+ Kxf7 8. Nxe5+ Ke7 9. Qh5 Qe8 10. Qh4+ Nf6 11. d3 d6 12. Nf3 Qh5 13. Qf4 Kd7 14. h3 Kc7 15. a4 b4 16. Be3 Be7 17. Qg3 Qg6 18. Qh2 Rd8 19. Nbd2 Rb8 20. c4 Kb7 21. c5 Ne8 22. Nd4 dxc5 23. N4b3 Nxb3 24. Nxb3 Rxd3 25. Na5+ Ka8 26. O-O Qxe4 27. Bf4 Bd6 28. Bxd6 Nxd6 29. Rae1 Qd5 30. Re5 Qf7 31. Nxc6 Qc7 32. Nxb8 Kxb8 33. Rfe1 Nc4 34. Rxc5 Qxh2+ 35. Kxh2 Nd6 36. Re7 Rd2 37. Rxg7 Rxb2 38. Rc6 Nf5 39. Rxh7 Rxf2 40. Rb6+ Ka8 41. Rc7 Ne3 42. Rxc8+ Ka7 43. Rxb4 Rxg2+ 44. Kh1 Rg3 45. Rc7+ Ka8 46. Rh7 Rg8 47. Rb6 1-0

[Event "FIDE WYCC Girls U18 2023"]
[Site "Montesilvano"]
[Date "2023.11.22"]
[Round "9.21"]
[White "O'Carroll, Om"]
[Black "Lindstad, Livia"]
[Result "1-0"]
[ECO "B40"]
[WhiteElo "1737"]
[BlackElo "1848"]
[Annotator "NA RC"]
[PlyCount "111"]
[EventDate "2023.11.13"]
[EventType "swiss"]
[EventCountry "ITA"]
[SourceTitle "playchess.com"]
[Source "ChessBase"]
[SourceQuality "1"]
[TimeControl "40/5400+30:1800+30"]

1. e4 c5 2. Nf3 e6 3. c4 a6 4. d4 cxd4 5. Nxd4 Qc7 6. Nc3 Nf6 7. Be2 Bb4 8. Qd3 Bxc3+ 9. bxc3 Nc6 10. Nxc6 dxc6 11. O-O O-O 12. Bg5 Qe5 13. Bxf6 Qxf6 14. f4 Qe7 15. Rad1 Qc5+ 16. Kh1 b5 17. Qd6 Qe3 18. Qxc6 Ra7 19. Bd3 Rd7 20. Bb1 Qe2 21. Rde1 Qxc4 22. Qxc4 bxc4 23. Rd1 Rfd8 24. Bc2 Bb7 25. e5 Rd2 26. Rxd2 Rxd2 27. Rd1 Bxg2+ 28. Kg1 Rxd1+ 29. Bxd1 Bd5 30. Kf2 f6 31. Ke3 fxe5 32. fxe5 Kf7 33. Bh5+ Ke7 34. Kd4 g5 35. Kc5 Kd7 36. Kb6 Be4 37. Be2 Bd5 38. a4 Bc6 39. Bxc4 Bxa4 40. Bxa6 h5 41. c4 g4 42. c5 h4 43. Bb7 g3 44. hxg3 hxg3 45. c6+ Ke7 46. c7 Bd7 47. Kc5 Bc8 48. Be4 Kf7 49. Kb6 Kg7 50. Ka7 Kh6 51. Kb8 Bd7 52. Bc6 Kg7 53. c8=Q Bxc8 54. Kxc8 Kg6 55. Kd7 Kf5 56. Kd6 1-0

[Event "FIDE WYCC Girls U18 2023"]
[Site "Montesilvano"]
[Date "2023.11.22"]
[Round "9.22"]
[White "Bhagyashree Patil"]
[Black "Sasvatha A"]
[Result "1/2-1/2"]
[ECO "B11"]
[WhiteElo "1830"]
[BlackElo "1568"]
[Annotator "NA RC"]
[PlyCount "121"]
[EventDate "2023.11.13"]
[EventType "swiss"]
[EventCountry "ITA"]
[SourceTitle "playchess.com"]
[Source "ChessBase"]
[SourceQuality "1"]
[TimeControl "40/5400+30:1800+30"]

1. e4 c6 2. Nc3 d5 3. Nf3 Bg4 4. h3 Bxf3 5. Qxf3 dxe4 6. Nxe4 Nf6 7. Bc4 e6 8. O-O Nxe4 9. Qxe4 Nd7 10. d3 Nf6 11. Qe2 Be7 12. a3 O-O 13. b4 a5 14. b5 Nd5 15. Bb2 cxb5 16. Bxb5 Bf6 17. d4 Qb6 18. c3 Rac8 19. Rfc1 Nf4 20. Qf1 Rfd8 21. a4 Rd5 22. g3 Rg5 23. Kh2 Nh5 24. Qd3 Qc7 25. Rc2 Be7 26. Rg1 Nf6 27. c4 h5 28. Bc1 Rf5 29. Re2 h4 30. Kg2 hxg3 31. fxg3 Nh5 32. Rge1 Bg5 33. Ba3 Bh4 34. d5 Bxg3 35. d6 Bxe1 36. Qxf5 exf5 37. dxc7 Nf4+ 38. Kf1 Nxe2 39. Bd6 Bg3 40. c5 Rxc7 41. Bxc7 Bxc7 42. Kxe2 f4 43. Kf3 Kf8 44. Bd7 g5 45. Bc8 b6 46. cxb6 Bxb6 47. Bf5 Kg7 48. Bc8 Kg6 49. Bd7 Kh5 50. Bc8 Kg6 51. Bd7 Kf6 52. Bc8 Ke5 53. Bd7 Kd6 54. Bc8 Kc5 55. Bf5 Kb4 56. Bd7 Ka3 57. Bc6 Be3 58. Bd7 Kb4 59. Be8 f5 60. Bd7 Ka3 61. Be8 1/2-1/2